 Dungeon Crawl Stone Soup version 0.28.0-43-g3370ac3207 (webtiles) character file.

Game seed: 2256311583827912569

80 bearlyready the Firebug (level 4, 0/24 HPs)
             Began as a Deep Elf Fire Elementalist on Mar 8, 2022.
             Slain by an iguana (13 damage)
             ... on level 5 of the Dungeon.
             The game lasted 00:03:46 (2606 turns).

bearlyready the Firebug (DEFE)                      Turns: 2606, Time: 00:03:46

Health: 0/24       AC:  2    Str:  5    XL:     4   Next: 18%
Magic:  0/10       EV: 12    Int: 22    God:
Gold:   53         SH:  0    Dex: 15    Spells: 6/9 levels left

rFire   . . .      SeeInvis .   f - +0 dagger
rCold   . . .      Faith    .   (no shield)
rNeg    . . .      Spirit   .   a - +0 robe
rPois   .          Reflect  .   (no helmet)
rElec   .          Harm     .   (no cloak)
rCorr   .          Rampage  .   (no gloves)
Will    .....                   (no boots)
Stlth   ++........              (no amulet)
HPRegen 0.08/turn               (no ring)
MPRegen 0.12/turn               (no ring)

@: no status effects
A: no striking features
a: no special abilities


You were on level 5 of the Dungeon.
You visited 1 branch of the dungeon, and saw 4 of its levels.

You collected 53 gold pieces.

Inventory:

Hand Weapons
 d - a +0 war axe of electrocution
 f - a +0 dagger (weapon)
Missiles
 k - 2 boomerangs
Armour
 a - a +0 robe (worn)
 o - a +0 ring mail
Scrolls
 g - a scroll of enchant armour
 h - a scroll of amnesia {unknown}
 i - a scroll of brand weapon {unknown}
 m - a scroll of silence
 n - a scroll of vulnerability {unknown}
Potions
 b - a potion of ambrosia {unknown}
 e - 4 potions of magic {unknown}
 j - a potion of might {unknown}
 l - a potion of lignification {unknown}


   Skills:
 - Level 2.4 Dodging
 - Level 2.4 Stealth
 - Level 3.0 Spellcasting
 + Level 3.2 Conjurations
 + Level 4.5 Fire Magic


You had 6 spell levels left.
You knew the following spells:

 Your Spells              Type           Power      Damage    Failure   Level
a - Foxfire               Conj/Fire      80%        2x1d8     2%          1
b - Scorch                Fire           46%        2d7       3%          2

Your spell library contained the following spells:

 Spells                   Type           Power      Damage    Failure   Level
 Conjure Flame            Conj/Fire      20%        6-21      8%          3
 Inner Flame              Hex/Fire       13%        N/A       14%         3
 Flame Wave               Conj/Fire      20%        2d7       26%         4


Dungeon Overview and Level Annotations

Branches:
Dungeon (3/15)

Altars:
Zin


Message History

The iguana is lightly wounded.
The foxfire hits the iguana but does no damage.
The iguana is lightly wounded.
The foxfire hits the iguana but does no damage.
The iguana is lightly wounded.
The foxfire hits the iguana.
The iguana is heavily wounded.
Casting: Scorch (safe; 3% risk of failure)
Confirm with . or Enter, or press ? or * to list all spells.
Flames lash the iguana.
The iguana is severely wounded.
The iguana's fire resistance burns away.
Casting: Scorch (safe; 3% risk of failure)
Confirm with . or Enter, or press ? or * to list all spells.
Flames lash the iguana.
The iguana is burned terribly!
The iguana is severely wounded.
You conjure some foxfire!
The iguana bites you!
You hit the iguana but do no damage.
The iguana is severely wounded.
The foxfire hits the iguana.
The iguana is burned terribly!
The iguana is almost dead.
The foxfire hits the iguana but does no damage.
The iguana is almost dead.
The iguana barely misses you.
Casting: Foxfire (safe; 2% risk of failure)
Press: ? - help, Q - select action, (/) - cycle Dir - look around, f - activate You conjure some foxfire!
The iguana closely misses you.
You hit the iguana but do no damage.
The iguana is almost dead.
The foxfire hits the iguana but does no damage.
The iguana is almost dead.
The foxfire hits the iguana but does no damage.
The iguana is almost dead.
The iguana barely misses you.
You closely miss the iguana.
The iguana is almost dead.
The iguana bites you!
Ouch! That really hurt!
You die...

..# #.# #.# #.# #.#
#.# ##.####.####
......l@...##########
.#.####.##..........#
#.###########.# ..#
#.# #.## #.# #. #####
#.# #. #...####.# #.
#........# #...######


You could see an iguana (combustible).

Vanquished Creatures
  2 adders
  2 dart slugs
  2 ball pythons
  5 bats
  3 endoplasms
  4 giant cockroaches
  4 goblins
  5 hobgoblins (D:1)
  3 jackals (D:1)
  6 kobolds
  7 quokkas
  6 frilled lizards
  3 rats
52 creatures vanquished.

Vanquished Creatures (others)
  237 foxfires
237 creatures vanquished.

Grand Total: 289 creatures vanquished

Notes
Turn   | Place    | Note
-------+----------+-------------------------------------------
     0 | D:1      | bearlyready the Deep Elf Fire Elementalist began the quest
                  | for the Orb.
     0 | D:1      | Reached XP level 1. HP: 10/10 MP: 6/6
   238 | D:1      | Reached XP level 2. HP: 15/15 MP: 4/8
   541 | D:1      | Reached skill level 4 in Fire Magic
   784 | D:1      | Reached XP level 3. HP: 19/19 MP: 4/9
   987 | D:1      | Found a faded altar of an unknown god.
  1353 | D:2      | Found a glowing silver altar of Zin.
  2373 | D:3      | Reached XP level 4. HP: 24/24 MP: 7/10
  2379 | D:3      | Learned a level 2 spell: Scorch
  2558 | D:3      | You fall into a shaft and drop 2 floors!
  2558 | D:5      | Entered Level 5 of the Dungeon
  2606 | D:5      | Slain by an iguana

Illustrated notes

Levels and vault maps discovered:
D:1:      lightli_arrival_boilingwater, layout_basic,
          hellmonk_ecumenical_altar_blasted
D:2:      layout_basic, basic_altar
D:3:      layout_loops_corners, chequers_temple_overflow_statue_of_worship,
          serial_shops, nicolae_shop_crystal
D:5:      layout_loops_ring, grunt_dithmenos_smoke,
          ashenzari_conservatory_becter, nrook_mini_vaults,
          small_statue_intersection, uniq_eustachio, uniq_edmund

Skill      XL: |  1  2  3 |
---------------+----------+-----
Conjurations   | 2 3 |  3.2
Fire Magic     | 4 |  4.5
Dodging        | |  2.4
Stealth        | |  2.4
Spellcasting   | |  3.0

Action                   |  1- 3 |  4- 6 || total
-------------------------+-------+-------++-------
Melee: Dagger            |       |     3 ||     3
 Cast: Foxfire           |   121 |    17 ||   138
       Scorch            |       |     3 ||     3
  Use: Scroll            |       |     2 ||     2
Armor: Robe              |     1 |     1 ||     2
Dodge: Dodged            |     5 |     4 ||     9
